 Dungeon Sprint DCSS version 0.29.1-12-g30fa7ad0bf (webtiles) character file.

Game seed: 10117160639100208092

5170 Groucho the Unseen (level 10, -10/49 HPs)
             Began as a Spriggan Enchanter on Dec 27, 2022.
             Was an Elder of Dithmenos.
             Mangled by a crystal guardian (19 damage)
             ... in the Dungeon (Sprint II: "The Violet Keep of Menkaure").
             The game lasted 00:06:31 (1121 turns).

Groucho the Unseen (Spriggan Enchanter)             Turns: 1121, Time: 00:06:32

Health: -10/49     AC:  2    Str:  8    XL:     10   Next: 34%
Magic:  24/24      EV: 24    Int: 17    God:    Dithmenos [****..]
Gold:   677        SH:  0    Dex: 14    Spells: 15/32 levels left

rFire   . . .      SeeInvis +   a - +1 dagger
rCold   . . .      Faith    .   (no shield)
rNeg    . . .      Spirit   .   b - +0 robe
rPois   .          Reflect  .   (helmet restricted)
rElec   .          Harm     .   (no cloak)
rCorr   .          Rampage  .   (gloves unavailable)
Will    +....      NoTele   +   (boots unavailable)
Stlth   +++++++++.              (no amulet)
HPRegen 0.00/turn               (no ring)
MPRegen 0.19/turn               (no ring)

@: inhibited regen, wreathed by umbra, unable to drink, very quick
A: very small, no large weapons, unfitting armour, see invisible, speed 3,
clumsy 1, frail 1, low MP 1, inhibited regeneration, inability to drink after
injury 2
a: Renounce Religion, Shadow Step


You were in the Dungeon.
You worshipped Dithmenos.
Dithmenos was greatly pleased with you.
You visited 1 branch You collected 1141 gold pieces.
You spent 464 gold pieces at shops.

Inventory:

Hand Weapons
 a - a +1 dagger (weapon)
Armour
 b - a +0 robe (worn)
Scrolls
 i - a scroll of blinking
Potions
 d - a potion of curing
 f - a potion of might
 g - 2 potions of magic


   Skills:
 - Level 7.0 Fighting
 - Level 10.0 Short Blades
 + Level 12.5 Dodging
 - Level 16.0 Stealth
 + Level 11.8 Spellcasting
 + Level 12.0 Hexes
 * Level 9.2 Earth Magic


You had 15 spell levels left.
You knew the following spells:

 Your Spells              Type           Power      Damage    Failure   Level
a - Confusing Touch       Hex            50%        N/A       1%          3
b - Ensorcelled Hibernat  Hex/Ice        60%        N/A       1%          2
c - Dazzling Flash        Conj/Hex       60%        N/A       1%          3
d - Tukima's Dance        Hex            50%        N/A       1%          3
e - Sandblast             Erth           82%        2d17      1%          1
f - Lee's Rapid Deconstr  Erth           20%        3d13*     4%          5

Your spell library contained the following spells:

 Spells                   Type           Power      Damage    Failure   Level


Dungeon Overview and Level Annotations

Branches:
Dungeon (1/1)

Altars:
Cheibriados
Dithmenos
Elyvilon
Fedhas
Gozag
Hepliaklqana
Kikubaaqudgha
Makhleb
Nemelex Xobeh
Okawaru
Qazlal
Ru
Sif Muna
Trog
Uskayaw
Vehumet
Wu Jian
Xom
Yredelemnul
Zin
The Shining One
Jiyva
Lugonu

Shops:
D !?:!:((===?[:[[

Annotations:
D exclusion: oklob plant


Innate Abilities, Weirdness & Mutations

You are very small and have problems with some larger weapons.
You are too small for most types of armour.
You have supernaturally acute eyesight. (SInv)
You cover ground extremely quickly. (Speed+++)
You are clumsy. (Dex -2)
You are frail. (-10% HP)
Your magical capacity is low. (-10% MP)
You do not regenerate when monsters are visible.
You sometimes lose the ability to drink potions when taking damage.


Message History

Dithmenos accepts your kill.
Your Earth Magic skill increases to level 9!
No target in view!
No target in view!
Unknown command.
Unknown command.
You now have 589 gold pieces (gained 81).
You start resting.
Magic restored.
You start waiting.
The walls and floor vibrate strangely for a moment.
You start waiting.
You start waiting.
You start waiting.
Done waiting.
There is an open door here.
There is an open door here.
You see here a wyvern skeleton.
You now have 670 gold pieces (gained 81).
You now have 677 gold pieces (gained 7).
There is an open door here.
Okay, then.
A death drake and a swamp drake come into view.
A death drake, a crystal guardian and a swamp drake come into view.
Found 3 potions of flight.
The helpless swamp drake fails to defend itself.
You spit the swamp drake like a pig!!!!
You kill the swamp drake!
Dithmenos accepts your kill.
The crystal guardian fires a crystalline bolt at you.
The crystal bolt misses you. The crystal bolt burns you!!!
Ouch! That really hurt!
* * * LOW HITPOINT WARNING * * *
You emit a cloud of dark smoke.
Your Hexes skill increases to level 12!
Unknown command.
Unknown command.
The crystal guardian hits you!!
You feel threatened and lose the ability to drink potions!
You die... #+ S≈§S≈ §≈§≈ §S§S ##++## §≈≈ ##≈..^### ≈SS #)≈.....## +#+++#####...^#k## ......#..'....#9k# #'##..#..####.#k@# .#.##.####.÷'.##§# .#..#....#÷.#.§§#### ...####..#####^§##)# $$!?$

#'###.##..#†('..#..#▓[!$!)$
#.###..#..#$÷#.^#††#▓$=!?[))
.<.'.##'..####..##.#▓[|$:[![
#.###..#..§.###...##▓▓▓▓▓▓▓+
#'###.##......~~~~†~~~~~~~~


You could see 2 death drakes, a crystal guardian and a swamp drake (asleep).

Vanquished Creatures
  A deep elf master archer (D)
  3 shining eyes (D)
  A merfolk siren (D)
  A yaktaur (D)
  5 polar bears (D)
  A hornet (D)
  2 wyverns (D)
  Menkaure (D)
  2 water moccasins (D)
  A swamp drake (D)
  4 necrophages (D)
  4 scorpions (D)
  3 worms (D)
29 creatures vanquished.

Notes
Turn   | Place    | Note
-------+----------+-------------------------------------------
     0 | D        | Groucho the Spriggan Enchanter began the quest for the Orb.
     0 | D        | Reached XP level 1. HP: 9/9 MP: 5/5
     6 | D        | Noticed a necrophage
     6 | D        | Noticed a necrophage
     6 | D        | Noticed a necrophage
     6 | D        | Noticed a necrophage
    15 | D        | Killed a necrophage
    16 | D        | Reached skill level 7 in Stealth
    16 | D        | Reached skill level 5 in Hexes
    16 | D        | Reached XP level 2. HP: 15/15 MP: 6/8
    16 | D        | Reached XP level 3. HP: 18/18 MP: 6/9
    18 | D        | Killed a necrophage
    19 | D        | Reached skill level 5 in Dodging
    19 | D        | Reached skill level 9 in Stealth
    19 | D        | Reached skill level 5 in Spellcasting
    19 | D        | Reached XP level 4. HP: 23/23 MP: 7/12
    19 | D        | Killed a necrophage
    20 | D        | Reached skill level 10 in Stealth
    20 | D        | Reached XP level 5. HP: 28/28 MP: 8/14
    42 | D        | Reached skill level 5 in Short Blades
    42 | D        | Reached skill level 11 in Stealth
    42 | D        | Reached XP level 6. HP: 25/33 MP: 11/16
    43 | D        | Reached skill level 12 in Stealth
   149 | D        | Noticed Menkaure
   162 | D        | Noticed a water moccasin
   171 | D        | Learned a level 3 spell: Confusing Touch
   173 | D        | Killed Menkaure
   189 | D        | Learned a level 2 spell: Ensorcelled Hibernation
   193 | D        | Learned a level 3 spell: Dazzling Flash
   197 | D        | Learned a level 3 spell: Tukima's Dance
   198 | D        | Noticed a merfolk siren
   212 | D        | Killed a merfolk siren
   213 | D        | Reached skill level 5 in Fighting
   213 | D        | Reached skill level 14 in Stealth
   213 | D        | Reached XP level 7. HP: 26/39 MP: 13/19
   550 | D        | Found Tearghaw's Antique Armour Boutique.
   550 | D        | Found Keryro's Antique Armour Shop.
   550 | D        | Found Sedaox's Jewellery Boutique.
   550 | D        | Found Recu Diz's Jewellery Boutique.
   551 | D        | Found Zausec's Armour Shop.
   551 | D        | Found Hiyssa's Magic Scroll Shop.
   551 | D        | Found Cera's Jewellery Shop.
   555 | D        | Found Gasseosu's Book Boutique.
   555 | D        | Found Diyxzu's Antique Weapon Shop.
   555 | D        | Found Ywecabbad's Antique Weapon Boutique.
   555 | D        | Noticed a great orb of eyes
   576 | D        | Found Tacvahim's Book Shop.
   576 | D        | Found Ydghouc's Distillery.
   576 | D        | Noticed an oklob plant
   577 | D        | Found Yczeingu's Magic Scroll Shop.
   577 | D        | Found Noxaupus's Distillery.
   577 | D        | Found Qitov's Book Shoppe.
   580 | D        | Noticed a yak
   580 | D        | Noticed a yak
   581 | D        | Bought the Atlas of Minerals for 224 gold pieces
   581 | D        | Noticed a yak
   583 | D        | Noticed an ice dragon
   603 | D        | Bought a ripped robe for 142 gold pieces
   603 | D        | Identified the +1 robe "Iwylle" {Rampage SInv} (You bought
                  | it in a shop in the Dungeon)
   650 | D        | Learned a level 1 spell: Sandblast
   656 | D        | Learned a level 5 spell: Lee's Rapid Deconstruction
   670 | D        | Bought a potion of flight for 42 gold pieces
   670 | D        | Bought a potion of might for 56 gold pieces
   700 | D        | Found a stormy altar of Qazlal.
   701 | D        | Found a hazy altar of Hepliaklqana.
   701 | D        | Found a sacrificial altar of Ru.
   701 | D        | Found an ornate altar of the Wu Jian Council.
   702 | D        | Found a viscous altar of Jiyva.
   702 | D        | Found a shimmering blue altar of Sif Muna.
   702 | D        | Found a shimmering altar of Xom.
   703 | D        | Found a snail-covered altar of Cheibriados.
   703 | D        | Found an ancient bone altar of Kikubaaqudgha.
   703 | D        | Found a bloodstained altar of Trog.
   703 | D        | Found a glowing golden altar of the Shining One.
   703 | D        | Found a basalt altar of Yredelemnul.
   705 | D        | Found a shadowy altar of Dithmenos.
   705 | D        | Found a corrupted altar of Lugonu.
   708 | D        | Found a white marble altar of Elyvilon.
   708 | D        | Found a burning altar of Makhleb.
   709 | D        | Found a blossoming altar of Fedhas.
   710 | D        | Found an opulent altar of Gozag.
   710 | D        | Found a hide-covered altar of Uskayaw.
   710 | D        | Found a sparkling altar of Nemelex Xobeh.
   710 | D        | Noticed a hornet
   710 | D        | Noticed a polar bear
   711 | D        | Found a glowing silver altar of Zin.
   711 | D        | Found a radiant altar of Vehumet.
   711 | D        | Found an iron altar of Okawaru.
   711 | D        | Noticed a yaktaur
   715 | D        | Became a worshipper of Dithmenos the Shadowed
   730 | D        | Noticed a deep elf master archer
   738 | D        | Killed a deep elf master archer
   739 | D        | Reached skill level 10 in Dodging
   739 | D        | Reached skill level 16 in Stealth
   739 | D        | Reached skill level 5 in Earth Magic
   739 | D        | Reached XP level 8. HP: 44/44 MP: 19/22
   739 | D        | Reached XP level 9. HP: 48/48 MP: 19/23
   752 | D        | Noticed a polar bear
   752 | D        | Noticed a polar bear
   753 | D        | Killed a polar bear
   754 | D        | Reached skill level 10 in Hexes
   754 | D        | Killed a polar bear
   754 | D        | Reached * piety under Dithmenos
   755 | D        | Reached skill level 10 in Spellcasting
   757 | D        | Killed a polar bear
   759 | D        | Killed a yaktaur
   759 | D        | Reached ** piety under Dithmenos
   767 | D        | Noticed a polar bear
   768 | D        | Noticed a polar bear
   769 | D        | Killed a polar bear
   771 | D        | Killed a polar bear
   771 | D        | Reached *** piety under Dithmenos
   783 | D        | Reached XP level 10. HP: 55/55 MP: 24/26
   788 | D        | Noticed a shining eye
   788 | D        | Noticed a shining eye
   788 | D        | Noticed a shining eye
   790 | D        | Killed a shining eye
   791 | D        | Reached skill level 10 in Short Blades
   792 | D        | Gained mutation: You are frail. (-10% HP) [a shining eye]
   793 | D        | Gained mutation: Your magical capacity is low. (-10% MP) [a
                  | shining eye]
   796 | D        | Gained mutation: You occasionally lose the ability to drink
                  | potions when taking damage. [a shining eye]
   799 | D        | Gained mutation: You sometimes lose the ability to drink
                  | potions when taking damage. [a shining eye]
   799 | D        | Gained mutation: You have hidden genetic defects. [a
                  | shining eye]
   802 | D        | Gained mutation: You are clumsy. (Dex -2) [a shining eye]
   805 | D        | Gained mutation: You do not regenerate when monsters are
                  | visible. [a shining eye]
   807 | D        | Killed a shining eye
   807 | D        | Reached **** piety under Dithmenos
   808 | D        | Lost mutation: You have hidden genetic defects. [a shining
                  | eye]
   817 | D        | Killed a shining eye
  1118 | D        | Noticed a death drake
  1119 | D        | Noticed a death drake
  1119 | D        | Noticed a crystal guardian
  1121 | D        | Mangled by a crystal guardian

Illustrated notes

Levels and vault maps discovered:
D:        the_violet_keep_of_menkaure [sprint2_stairs_cluster_1,
          sprint2_shoproom, sprint2_temple, sprint2_basic_supplies,
          sprint2_obstacle_5, sprint2_obstacle_6, sprint2_obstacle_7,
          sprint2_obstacle_3, sprint2_obstacle_4, sprint2_timed_cluster_1,
          sprint2_smallroom_cluster_1, sprint2_smallroom_final_cluster_1,
          sprint2_transparent_cluster_1, sprint2_second_timed_cluster_1,
          sprint2_sniper_area_1, sprint2_heavy_combat_area_1,
          sprint2_mutation_trap_area_1, sprint2_forest_area_1,
          sprint2_light_combat_area_1, sprint2_behind_water_1,
          sprint2_near_end_vault_1]

Skill      XL: |  1  2  3  4  5  6  7  8  9 10 |
---------------+-------------------------------+-----
Fighting       | 2 3 5 6 7 |  7.0
Short Blades   | 3 4 5 6 8 9 10 | 10.0
Dodging        | 4 5 6 8 10 11 12 | 12.5
Stealth        | 7 9 10 11 14 16 | 16.0
Spellcasting   | 4 5 6 8 9 11 | 11.8
Hexes          | 5 6 8 9 11 12 | 12.0
Earth Magic    | 5 7 9 |  9.2

Action                   |  1- 3 |  4- 6 |  7- 9 | 10-12 || total
-------------------------+-------+-------+-------+-------++-------
Melee: Dagger            |     5 |    17 |    28 |    24 ||    74
       Punch             |       |     1 |       |     1 ||     2
 Cast: Confusing Touch   |       |     2 |     1 |       ||     3
       Ensorcelled Hiber |       |     1 |     5 |       ||     6
       Dazzling Flash    |       |       |       |     3 ||     3
  Use: Potion            |     4 |       |     2 |       ||     6
 Stab: Invisible         |     1 |     2 |     3 |     3 ||     9
       Sleeping          |     1 |     4 |    12 |     2 ||    19
       Confused          |       |     2 |     1 |       ||     3
Dodge: Dodged            |       |     4 |    14 |     1 ||    19
